AoeStats
← Sakhta

Arena

508023653Analyzed
4v4 RM · 13d ago on Sep 20, 2026· 38m 33s· 8 players
Game mode
Random Map
Map size
Large (8 player)
Population
200
Speed
Normal
Resources
Standard
Victory
Conquest
Starting age
Dark Age
Ending age
Imperial Age
RankedLock teamsTeams togetherTeam positionsShared explorationLock speedFull tech treeHidden civsTurbo modeCheats
Victory
Defeat
🇷🇺 Cumans · Russia
1253
+13
🇹🇼 Khmer · Taiwan
1227
+14
🇨🇳 Mongols · China
1206
+15
🇲🇦 Bohemians · Morocco
1126
+18
🇩🇪 Jurchens · Germany
1226
-17
🇬🇧 Spanish · United Kingdom
1191
-15
🇷🇺 Muisca · Russia
1174
-15
🇷🇺 Franks · Russia
1126
-13
Macca2418
10:57 Feudal Age
15:58 Castle Age
15:00 Double-Bit Axe
17:22 Bow Saw
18:09 Wheelbarrow
17:33 Horse Collar
19:26 Hand Cart
30:53 Imperial Age
29:05 Gold Mining
29:06 Stone Mining
32:32 Conscription
31:33 Elite Conquistador
33:51 Two-Man Saw
micendice
9:53 Feudal Age
13:35 Castle Age
12:00 Double-Bit Axe
12:28 Horse Collar
16:11 Bow Saw
23:05 Loom
No Drama Lama
13:33 Feudal Age
17:42 Castle Age
16:34 Double-Bit Axe
18:32 Bow Saw
18:21 Town Watch
18:21 Loom
19:38 Gold Mining
20:38 Wheelbarrow
27:19 Pikeman
28:01 Scale Mail Armor
31:59 Fletching
32:09 Padded Archer Armor
32:42 Elite Skirmisher
33:22 Bodkin Arrow
33:42 Leather Archer Armor
33:50 Crossbowman
black_magick_in_june
12:40 Feudal Age
15:08 Loom
19:11 Castle Age
18:16 Double-Bit Axe
20:24 Bow Saw
20:07 Gold Mining
28:40 Stone Mining
29:30 Gold Shaft Mining
34:05 Imperial Age
32:44 Wheelbarrow
33:45 Fortified Wall
34:09 Husbandry
34:37 Cavalier
35:26 Scale Barding Armor
36:05 Paladin
37:08 Chain Barding Armor
37:00 Forging
38:05 Conscription
37:47 Chivalry
39:00 Plate Barding Armor
39:03 Iron Casting
No-One-Knows-Me
11:17 Feudal Age
16:16 Castle Age
14:18 Double-Bit Axe
16:01 Town Watch
16:01 Horse Collar
17:44 Wheelbarrow
17:55 Heavy Plow
18:33 Bow Saw
23:24 Town Watch
23:50 Loom
25:43 Hand Cart
28:56 Imperial Age
32:28 Imperial Age
33:35 Conscription
xu3u6vm0888
12:21 Feudal Age
15:02 Castle Age
14:51 Scale Barding Armor
15:48 Husbandry
22:10 Chain Barding Armor
23:51 Ballistics
24:03 Forging
25:23 Double-Bit Axe
25:21 Horse Collar
29:45 Bow Saw
30:28 Iron Casting
30:31 Heavy Plow
33:07 Loom
33:57 Wheelbarrow
34:12 Gold Mining
34:14 Stone Mining
37:49 Imperial Age
35:59 Gold Shaft Mining
37:27 Stone Shaft Mining
38:56 Hand Cart
38:56 Bloodlines
38:07 Light Cavalry
39:50 Blast Furnace
Sakhta
7:45 Loom
9:58 Feudal Age
10:31 Double-Bit Axe
10:29 Horse Collar
16:21 Wheelbarrow
19:38 Castle Age
17:35 Gold Mining
18:27 Fletching
19:13 Scale Barding Armor
20:29 Bow Saw
20:25 Town Watch
21:57 Bodkin Arrow
23:23 Padded Archer Armor
23:44 Chain Barding Armor
23:38 Bloodlines
24:33 Ballistics
25:20 Thumb Ring
27:03 Hand Cart
27:07 Leather Archer Armor
27:04 Forging
31:07 Imperial Age
32:59 Chemistry
32:28 Parthian Tactics
31:33 Light Cavalry
32:55 Iron Casting
32:34 Hussar
33:53 Plate Barding Armor
34:37 Blast Furnace
36:39 Gold Shaft Mining
37:11 Elite Steppe Lancer
38:09 Steppe Husbandry
hawki2518
11:19 Feudal Age
11:55 Double-Bit Axe
12:45 Horse Collar
14:18 Loom
17:29 Castle Age
24:41 Bow Saw
24:24 Gold Mining
24:28 Stone Mining
26:39 Heavy Plow
31:45 Imperial Age
29:44 Fletching
29:55 Padded Archer Armor
31:03 Wheelbarrow
30:17 Town Watch
30:35 Bodkin Arrow
31:52 Ballistics
31:28 Murder Holes
32:29 Stone Shaft Mining
32:32 Gold Shaft Mining
32:23 Leather Archer Armor
32:28 Bracer
33:31 Chemistry
32:59 Conscription
33:17 Hand Cart
33:31 Bloodlines
33:22 Husbandry
34:05 Elite Mangudai
35:37 Forging
35:34 Scale Barding Armor
35:36 Thumb Ring
35:57 Parthian Tactics
34:54 Light Cavalry
36:07 Drill
36:20 Siege Engineers
36:26 Fortified Wall
36:31 Masonry
37:34 Coinage
39:11 Banking
38:42 Caravan
Connection lost

Rejoining the realm…

Still unreachable

The connection could not be restored.

Session expired

The server has moved on; the page needs a fresh start.